 Dungeon Crawl Stone Soup version 0.21.1-1-g345015f (webtiles) character file.

139 Merlin the Sneak (level 5, 0/43 HPs)
             Began as a Gnoll Wanderer on July 30, 2018.
             Was an Initiate of Okawaru.
             Succumbed to a worker ant's poison
             ... on level 4 of the Dungeon.
             The game lasted 00:16:17 (2756 turns).

Merlin the Sneak (Gnoll Wanderer)                   Turns: 2756, Time: 00:16:17

Health: 0/43       AC:  6    Str: 12 (13) XL:     5   Next: 22%
Magic:  9/9        EV: 11    Int: 14 (15) God:    Okawaru [......]
Gold:   92         SH:  0    Dex: 13 (16) Spells: 6/10 levels left

rFire    . . .     SeeInvis .   x - +4 whip
rCold    . . .     Gourm    .   (no shield)
rNeg     . . .     Faith    .   p - +0 ring mail
rPois    .         Spirit   .   (no helmet)
rElec    .         Reflect  .   (no cloak)
rCorr    .         Harm     .   (no gloves)
MR       .....                  u - +0 pair of boots
Stlth    ++........             v - amulet of regeneration
HPRegen  0.54/turn              (no ring)
MPRegen  0.11/turn              (no ring)

@: lethally poisoned (0 -> -1), about to teleport
A: distributed training, fangs 1, strong nose
a: Renounce Religion


You were on level 4 of the Dungeon.
You worshipped Okawaru.
Okawaru was noncommittal.
You were not hungry.

You visited 1 branch of the dungeon, and saw 4 of its levels.

You collected 92 gold pieces.

Inventory:

Hand Weapons
 b - a +1 falchion
 e - a +0 dagger
 x - a +4 whip (weapon)
Armour
 d - a +0 robe
 p - a +0 ring mail (worn)
 t - a +0 plate armour
 u - a +0 pair of boots (worn)
Jewellery
 v - an amulet of regeneration (around neck)
Scrolls
 c - a scroll of fog {unknown}
 g - a scroll of remove curse
 h - a scroll of magic mapping {unknown}
 j - a scroll of enchant weapon
 k - a scroll of amnesia
 l - 2 scrolls of teleportation
 o - a scroll of blinking {unknown}
Potions
 i - a potion of agility {unknown}
 m - a potion of degeneration
 n - a potion of ambrosia {unknown}
 q - 2 potions of lignification
 s - a potion of brilliance
Books
 a - a book of Air

   Spells                             Type                      Level
   a - Shock                          Conjuration/Air              1
   b - Swiftness                      Charms/Air                   2
   c - Static Discharge               Conjuration/Air              3
   d - Airstrike                      Air                          4
   e - Lightning Bolt                 Conjuration/Air              5
Comestibles
 f - 5 rations
 r - 6 chunks of flesh


   Skills:
 + Level 4.7 Fighting
 + Level 1.4 Short Blades
 + Level 2.9 Long Blades
 + Level 1.4 Axes
 + Level 1.4 Maces & Flails
 + Level 1.4 Polearms
 + Level 1.4 Staves
 + Level 1.4 Slings
 + Level 1.4 Bows
 + Level 1.4 Crossbows
 + Level 1.4 Throwing
 + Level 1.4 Armour
 + Level 2.9 Dodging
 + Level 6.1 Stealth
 + Level 1.4 Shields
 + Level 1.4 Unarmed Combat
 + Level 3.1 Spellcasting
 + Level 2.3 Conjurations
 + Level 1.1 Hexes
 + Level 1.1 Charms
 + Level 1.1 Summonings
 + Level 1.1 Necromancy
 + Level 1.1 Translocations
 + Level 1.1 Transmutations
 + Level 1.1 Fire Magic
 + Level 1.1 Ice Magic
 + Level 2.3 Air Magic
 + Level 1.1 Earth Magic
 + Level 1.1 Poison Magic
 + Level 1.5 Invocations
 + Level 1.4 Evocations


You had 6 spell levels left.
You knew the following spells:

 Your Spells              Type           Power        Failure   Level  Hunger
a - Static Discharge      Conj/Air       #.......     45%         3    ###....
b - Shock                 Conj/Air       #...         17%         1    #......


Dungeon Overview and Level Annotations

Branches:
Dungeon (4/15)
 Temple: D:4-7

Altars:
Okawaru
Vehumet
Yredelemnul


Innate Abilities, Weirdness & Mutations

Your experience applies equally to all skills.
You have very sharp teeth.
Your uncanny sense of smell can sniff out nearby items.


Message History

The orc wizard casts a spell at you. The magic dart hits you!
* * * LOW HITPOINT WARNING * * *
The orc wizard gestures at you while chanting.
The magic dart hits you!
* * * LOW HITPOINT WARNING * * *
It was a potion of degeneration.
There was something very wrong with that liquid.
You feel weakened.
You feel dopey.
You feel clumsy.
The orc wizard points at you and mumbles some strange words.
The magic dart hits you!
* * * LOW HITPOINT WARNING * * *
The orc wizard hits you with a dagger.
* * * LOW HITPOINT WARNING * * *
The orc wizard casts a spell at you. The magic dart hits you!
* * * LOW HITPOINT WARNING * * *
You miss the orc wizard.
The orc wizard is severely wounded.
You die...

.......##.#.........
.............#....###
##................# ##
#####................#...
#....................#...
#.....####o#.........^...
#..... #†#............#
#.... #o#a...........#
#.. #@#............# #.
#o#o...........# #
.###.#.o.......##.#
.....###.§........#
.....# #......##..#
.....###......# .#
#.............# #
..............#
.......o......#


You could see 2 orc wizards and an orc.

Vanquished Creatures
  A worker ant (D:4)
  A gnoll (D:1)
  4 adders
  4 worms (D:2)
  A dart slug (D:1)
  4 leopard geckos
  An orc (D:4)
  6 bats
  4 giant cockroaches
  7 goblins
  3 hobgoblins
  4 jackals (D:3)
  2 quokkas
  A ball python skeleton (D:4)
  2 frilled lizards
  4 kobolds
  A leopard gecko skeleton (D:4)
  3 rats
53 creatures vanquished.

Notes
Turn   | Place    | Note
-------+----------+-------------------------------------------
     0 | D:1      | Merlin the Gnoll Wanderer began the quest for the Orb.
     0 | D:1      | Merlin set off with: a book of Air, a +0 falchion, a potion of curing, a +0 robe, a +0 dagger, a ration
     0 | D:1      | Reached XP level 1. HP: 20/20 MP: 4/4
     2 | D:1      | Learned a level 1 spell: Shock
   317 | D:1      | Reached XP level 2. HP: 26/26 MP: 5/5
   870 | D:1      | Reached XP level 3. HP: 25/31 MP: 1/7
  1231 | D:2      | Reached skill level 6 in Stealth
  1285 | D:2      | Reached skill level 1 in Invocations
  1528 | D:2      | Learned a level 3 spell: Static Discharge
  1530 | D:2      | Learned a level 1 spell: Shock
  1803 | D:2      | Reached skill level 1 in Short Blades
  1803 | D:2      | Reached skill level 1 in Axes
  1803 | D:2      | Reached skill level 1 in Maces & Flails
  1803 | D:2      | Reached skill level 1 in Polearms
  1803 | D:2      | Reached skill level 1 in Staves
  1803 | D:2      | Reached skill level 1 in Slings
  1803 | D:2      | Reached skill level 1 in Bows
  1803 | D:2      | Reached skill level 1 in Crossbows
  1803 | D:2      | Reached skill level 1 in Throwing
  1803 | D:2      | Reached skill level 1 in Armour
  1803 | D:2      | Reached skill level 1 in Shields
  1803 | D:2      | Reached skill level 1 in Unarmed Combat
  1803 | D:2      | Reached skill level 1 in Evocations
  1975 | D:3      | Reached XP level 4. HP: 25/38 MP: 8/8
  2317 | D:3      | Reached skill level 1 in Hexes
  2317 | D:3      | Reached skill level 1 in Charms
  2317 | D:3      | Reached skill level 1 in Summonings
  2317 | D:3      | Reached skill level 1 in Necromancy
  2317 | D:3      | Reached skill level 1 in Translocations
  2317 | D:3      | Reached skill level 1 in Transmutations
  2317 | D:3      | Reached skill level 1 in Fire Magic
  2317 | D:3      | Reached skill level 1 in Ice Magic
  2317 | D:3      | Reached skill level 1 in Earth Magic
  2317 | D:3      | Reached skill level 1 in Poison Magic
  2466 | D:3      | Found an iron altar of Okawaru.
  2466 | D:3      | Found a basalt altar of Yredelemnul.
  2467 | D:3      | Found a radiant altar of Vehumet.
  2486 | D:3      | Became a worshipper of Warmaster Okawaru
  2688 | D:4      | Reached XP level 5. HP: 43/43 MP: 9/9
  2755 | D:4      | HP: 1/43 [orc wizard/magic dart (4)]
  2756 | D:4      | Succumbed to a worker ant's poison

Skill      XL: |  1  2  3  4 |
---------------+-------------+-----
Conjurations   | 2 |  2.3
Air Magic      | 2 |  2.3
Stealth        | 6 |  6.1
Invocations    | 1 |  1.5
Short Blades   | 1 |  1.4
Axes           | 1 |  1.4
Maces & Flails | 1 |  1.4
Polearms       | 1 |  1.4
Staves         | 1 |  1.4
Slings         | 1 |  1.4
Bows           | 1 |  1.4
Crossbows      | 1 |  1.4
Throwing       | 1 |  1.4
Armour         | 1 |  1.4
Shields        | 1 |  1.4
Unarmed Combat | 1 |  1.4
Evocations     | 1 |  1.4
Spellcasting   | 3 |  3.1
Hexes          | 1 |  1.1
Charms         | 1 |  1.1
Summonings     | 1 |  1.1
Necromancy     | 1 |  1.1
Translocations | 1 |  1.1
Transmutations | 1 |  1.1
Fire Magic     | 1 |  1.1
Ice Magic      | 1 |  1.1
Earth Magic    | 1 |  1.1
Poison Magic   | 1 |  1.1
Fighting       | |  4.7
Long Blades    | |  2.9
Dodging        | |  2.9

Action                   |  1- 3 |  4- 6 || total
-------------------------+-------+-------++-------
Melee: Falchion          |    89 |    58 ||   147
       Bite              |    14 |    10 ||    24
       Whip              |       |    15 ||    15
 Cast: Shock             |     6 |     2 ||     8
       Static Discharge  |       |     1 ||     1
  Use: Scroll            |     2 |     6 ||     8
       Potion            |       |     3 ||     3
 Stab: Sleeping          |    11 |     3 ||    14
  Eat: Chunk             |     1 |     2 ||     3
       Ration            |     1 |       ||     1
Armor: Robe              |     3 |       ||     3
       Ring mail         |     4 |    19 ||    23
Dodge: Dodged            |    53 |    41 ||    94
       Rpst.: Falchion   |    21 |    11 ||    32
